 Dungeon Crawl Stone Soup version 0.29.1-15-g9cfb28693d (webtiles) character file.

Game seed: 11477853196671794862

61879 croobank the Unforgettable (level 14, -4/97 HPs)
             Began as a Demonspawn Fire Elementalist on Mar 21, 2023.
             Was the Champion of Hepliaklqana.
             Slain by an ice devil (20 damage)
             ... summoned by an orc sorcerer
             ... led by an orc warlord
             ... on level 2 of the Orcish Mines.
             The game lasted 01:07:08 (25897 turns).

croobank the Unforgettable (DsFE)                  Turns: 25897, Time: 01:07:08

Health: -4/97      AC:  4    Str:  9    XL:     14   Next: 62%
Magic:  17/26      EV: 14    Int: 32    God:    Hepliaklqana [******]
Gold:   1818       SH:  9    Dex: 13    Spells: 15/30 levels left

rFire   + . .      SeeInvis .   B - +6 scimitar (spect)
rCold   . . .      Faith    .   m - +3 buckler of Doitoz {Harm rElec}
rNeg    . . .      Spirit   .   W - +0 troll leather armour
rPois   .          Reflect  .   (no helmet)
rElec   +          Harm     +   s - +2 cloak
rCorr   .          Rampage  .   (no gloves)
Will    +....                   z - +0 pair of boots
Stlth   ++++......              C - amulet of regeneration
HPRegen 1.86/turn               G - +6 ring of intelligence
MPRegen 0.20/turn               V - ring of protection from fire

@: corroded, studying 2 skills
A: reduced essence, ignite blood 1, spiny 3, big brain 2, weakness stinger 2
a: Renounce Religion, Recall Ancestor, Ancestor Identity, Transference, Idealise


You were on level 2 of the Orcish Mines.
You worshipped Hepliaklqana.
Hepliaklqana was exalted by your worship.
You visited 4 branches of the dungeon, and saw 21 of its levels.

You collected 2282 gold pieces.
You spent 464 gold pieces at shops.

Inventory:

Hand Weapons
 d - the +7 war axe "Concordance" {spect, rElec rF++}
   (You found it on level 2 of the Lair of Beasts)

   When its wielder attacks, the weapon's spirit leaps out and strikes again.
   The spirit shares a part of any damage it takes with its wielder.
   rF:        It greatly protects you from fire.
   rElec:     It insulates you from electricity.
 B - a +6 spectral scimitar (weapon)
Missiles
 r - 12 javelins
 v - 2 throwing nets
 L - 2 curare-tipped darts
 U - 6 atropa-tipped darts
Armour
 c - the +2 robe of Hepliaklqana's Anger {Fly rF++ Dex-4 Stlth+}
   (You found it on level 5 of the Dungeon)

   Dex:       It affects your dexterity (-4).
   rF:        It greatly protects you from fire.
   Fly:       It grants you flight.
   Stlth:     It makes you more stealthy.
 m - the +3 buckler of Doitoz (worn) {Harm rElec}
   (You found it on level 3 of the Dungeon)

   rElec:     It insulates you from electricity.
   Harm:      It increases damage dealt and taken.
 s - a +2 cloak (worn)
 z - a +0 pair of boots (worn)
 W - a +0 troll leather armour (worn)
Jewellery
 p - a ring of resist corrosion
 u - a ring of see invisible
 A - a +6 ring of dexterity
 C - an amulet of regeneration (around neck)
 D - an amulet of reflection
 G - a +6 ring of intelligence (left hand)
 I - a ring of willpower
 K - a ring of protection from cold
 V - a ring of protection from fire (right hand)
Wands
 a - a wand of digging (11)
 i - a wand of roots (9)
 t - a wand of paralysis (9)
 P - a wand of acid (15)
 Q - a wand of mindburst (9)
 Y - a wand of flame (30)
Scrolls
 e - 6 scrolls of magic mapping
 g - a scroll of silence
 j - 12 scrolls of teleportation
 k - a scroll of fear
 y - 9 scrolls of identify
 F - 2 scrolls of immolation
 H - a scroll of enchant weapon
 M - 2 scrolls of summoning
 O - a scroll of torment
 S - a scroll of blinking
 T - 4 scrolls of vulnerability
 Z - 2 scrolls of butterflies
Potions
 b - 6 potions of magic
 f - a potion of mutation
 h - 6 potions of heal wounds
 l - a potion of flight
 n - 2 potions of brilliance
 o - 4 potions of lignification
 q - 9 potions of curing
 w - 3 potions of attraction
 x - 5 potions of ambrosia
 E - 3 potions of cancellation
 J - 3 potions of berserk rage
 N - 2 potions of resistance
 R - a potion of haste
Miscellaneous
 X - a phantom mirror


   Skills:
 + Level 9.0 Fighting
 + Level 8.6 Dodging
 + Level 9.3 Stealth
 - Level 8.4 Shields
 + Level 8.7 Spellcasting
 + Level 9.1 Conjurations
 + Level 8.9 Fire Magic
 * Level 1.7 Ice Magic
 * Level 1.8 Air Magic
 - Level 15.4 Invocations


You had 15 spell levels left.
You knew the following spells:

 Your Spells              Type           Power      Damage    Failure   Level
a - Foxfire               Conj/Fire      100%       2x1d9     1%          1
b - Scorch                Fire           100%       2d10      1%          2
c - Flame Wave            Conj/Fire      64%        2d15      1%          4
d - Mephitic Cloud        Conj/Pois/Air  37%        N/A       4%          3
e - Freezing Cloud        Conj/Ice/Air   20%        6-21      28%         5

Your spell library contained the following spells:

 Spells                   Type           Power      Damage    Failure   Level
 Magic Dart               Conj           100%       1d8       1%          1
 Conjure Flame            Conj/Fire      64%        6-21      1%          3
 Inner Flame              Hex/Fire       42%        N/A       3%          3
 Iskenderun's Battlesphe  Conj           64%        2d11      3%          5
 Fireball                 Conj/Fire      32%        3d14      4%          5
 Apportation              Tloc           28%        N/A       6%          1
 Blink                    Tloc           28%        N/A       9%          2
 Call Imp                 Summ           14%        N/A       9%          2
 Lesser Beckoning         Tloc           14%        N/A       19%         3
 Summon Guardian Golem    Hex/Summ       14%        N/A       19%         3
 Conjure Ball Lightning   Conj/Air       24%        3x3d7     67%         6
 Orb of Destruction       Conj           32%        9d10      75%         7
 Alistair's Intoxication  Tmut/Pois      9%         N/A       86%         5
 Manifold Assault         Tloc           14%        N/A       86%         5
 Simulacrum               Ice/Necr       9%         N/A       99%         6
 Summon Cactus Giant      Summ           7%         N/A       100%        6
 Spellforged Servitor     Conj/Summ      21%        N/A       100%        7
 Polar Vortex             Ice            12%        N/A       100%        9


Dungeon Overview and Level Annotations

Branches:
Dungeon (13/15)            Temple (1/1) D:5            Lair (5/5) D:8
 Shoals (0/4) Lair:3        Snake (0/4) Lair:2        Slime (0/5) Lair:4
    Orc (2/2) D:11
    Elf: Orc:2       Vaults: D:13-14

Altars:
Ashenzari
Cheibriados
Dithmenos
Fedhas
Gozag
Hepliaklqana
Kikubaaqudgha
Makhleb
Nemelex Xobeh
Okawaru
Qazlal
Ru
Sif Muna
Trog
Uskayaw
Vehumet
Wu Jian
Xom
Yredelemnul
Jiyva

Shops:
D:3 :   D:7 *=*[   D:8 ?   D:10 *


Innate Abilities, Weirdness & Mutations

Your life essence is reduced to manifest your ancestor. (-10% HP)
Your demonic aura sometimes causes spilled blood to erupt in flames.
You are completely covered in sharp spines.
You have an extremely huge brain. (Int +4)
You have a tail ending in a sharp stinger.


Message History

The warg is engulfed in blazing flames.
The warg bites Wystan!
Wystan is destroyed!
An orc comes into view. It is wielding a +0 flail.
An orc warrior comes into view. It is wielding a +0 scimitar.
The warg is engulfed in blazing flames.
What are your orders? t - Shout!
Orders for allies: a - Attack new target. r - Retreat! s - Stop attacking. g - Guard the area. f - Follow me.
Anything else - Cancel.
Gang up on whom?
Press: ? - help, Dir - move target, f - orc sorcerer
Aim: an orc sorcerer, wielding a +0 dagger and wearing a +0 robe (strong)
Okay, then.
The rust devil is struck by your spines.
The rust devil closely misses you.
Things that are here:
a +0 war axe; a +0 chain mail; an orc corpse You completely miss the orc warrior.
The warg bites you! The rust devil misses you.
The orc sorcerer is struck by your spines.
The orc sorcerer hits you with a +0 dagger.
You block the orc warrior's attack. The warg is struck by your spines.
You kill the warg!
The rust devil is struck by your spines.
The rust devil hits you. The rust devil corrodes you!
You closely miss the orc sorcerer.
The orc sorcerer is moderately wounded.
Your +6 spectral scimitar hits the orc sorcerer!
The orc sorcerer gestures wildly while chanting.
Send 'em back where they came from!
Your +6 spectral scimitar fades away.
The orc warrior is struck by your spines.
The orc warrior hits you with a +0 mace!!
* * * LOW HITPOINT WARNING * * *
The ice devil hits you!
* * * LOW HITPOINT WARNING * * *
The ice devil freezes you!
You die...

##.#.###...#
##....##...##
#..........#
#...#......######
##.##.........8..
####..#....o....
#........)....
##.##.oo).....
##.##.@4oo.8..
#...##.4.#####
##.##......#
#.........##
##..$.#..##
###...#.# ##.####
###


You could see an ice devil (summoned), a rust devil (summoned), an orc sorcerer
(strong, unaware), 2 orc warriors, an orc wizard (strong) and an orc.

Vanquished Creatures
  6 hydras
  A centaur warrior (D:13)
  2 boulder beetles
  A catoblepas (D:13)
  2 two-headed ogres
  A tengu warrior (D:13)
  Nergalle (Lair:1)
  A lindwurm (Lair:5)
  An orc knight (Orc:2)
  An orc sorcerer (Orc:1)
  2 cyclopes
  2 manticores
  An oklob plant (Lair:4)
  4 elephants (Lair:2)
  9 black mambas
  A merfolk siren (Lair:3)
  2 molten gargoyles (Lair:5)
  An unseen horror (D:13)
  7 cane toads
  2 gargoyles
  Maggie (D:6)
  A rime drake (Lair:5)
  8 komodo dragons
  4 polar bears
  6 trolls
  Prince Ribbit (D:7)
  7 blink frogs
  4 dream sheep (Lair:4)
  40 yaks
  A shadow (D:11)
  3 wraiths
  6 vampire mosquitoes
  3 wyverns
  5 basilisks
  Eustachio (D:6)
  2 steam dragons
  2 wargs (Orc:2)
  A naga (Lair:2)
  2 acid dragons
  13 water moccasins
  3 hell hounds (Lair:5)
  A swamp drake (Lair:1)
  3 black bears
  11 orc warriors
  6 ogres
  22 wolves
  2 centaurs (D:6)
  3 phantoms
  19 bullfrogs
  2 gnoll sergeants
  3 scorpions (D:5)
  3 wights (D:8)
  4 killer bees (D:9)
  5 howler monkeys
  4 electric eels
  2 lava snakes (Lair:5)
  A crimson imp (D:7)
  2 hounds (D:10)
  3 jellies
  3 orc priests
  2 gnoll boudas (D:10)
  An iron imp (D:5)
  4 iguanas
  Ijyb (D:3)
  15 orc wizards
  10 gnolls
  6 adders
  4 white imps
  2 ufetubi
  3 worms
  4 dart slugs
  44 orcs
  An endoplasm (D:4)
  3 giant cockroaches
  5 goblins
  5 hobgoblins
  9 jackals
  4 quokkas
  3 ball pythons
  9 bats
  2 frilled lizards
  2 hobgoblin zombies (D:5)
  10 kobolds
  A kobold skeleton (D:5)
  A kobold zombie (D:5)
  An orc skeleton (D:5)
  3 orc zombies (D:5)
  7 rats
423 creatures vanquished.

Vanquished Creatures (collateral kills)
  A fire dragon (Lair:5)
  3 hydras
  A boulder beetle (D:10)
  3 two-headed ogres
  An orc knight (Orc:2)
  An ugly thing (D:12)
  A cyclops (D:12)
  5 cane toads
  3 rime drakes
  6 komodo dragons
  2 trolls
  A dream sheep (Lair:4)
  2 blink frogs (Lair:3)
  A slime creature (D:13)
  A shadow (D:12)
  A wyvern (Lair:5)
  5 basilisks
  Grum (D:10)
  17 yaks
  4 vampire mosquitoes
  3 steam dragons
  3 water moccasins
  2 black bears
  2 orc warriors
  9 wolves
  A centaur (D:8)
  2 kobold brigands
  2 bullfrogs (Lair:2)
  2 wights (D:8)
  An electric eel (Lair:3)
  A hound (D:10)
  2 lava snakes (Lair:5)
  2 orc priests
  4 orc wizards
  2 gnolls
  11 orcs
  5 kobolds
  A rat (D:3)
  12 foxfires
127 creatures vanquished.

Vanquished Creatures (others)
  19 battlemagi
  1083 foxfires
  14 fungi
  21 plants
1137 creatures vanquished.

Grand Total: 1687 creatures vanquished

Notes
Turn   | Place    | Note
-------+----------+-------------------------------------------
     0 | D:1      | croobank the Demonspawn Fire Elementalist began the quest
                  | for the Orb.
     0 | D:1      | Reached XP level 1. HP: 13/13 MP: 3/3
    79 | D:1      | You fall into a shaft and drop 1 floor!
   286 | D:1      | Gained mutation: You have an unusually large brain. (Int
                  | +2) [demonic ancestry]
   286 | D:1      | Reached XP level 2. HP: 15/19 MP: 0/5
   352 | D:1      | Learned a level 2 spell: Scorch
  1225 | D:1      | Reached XP level 3. HP: 16/24 MP: 0/6
  2218 | D:2      | Reached XP level 4. HP: 30/30 MP: 0/7
  2388 | D:2      | Learned a level 4 spell: Flame Wave
  2570 | D:3      | Noticed Ijyb
  2573 | D:3      | Paralysed by Ijyb for 4 turns
  2582 | D:3      | Killed Ijyb
  2885 | D:3      | Found Ykhlir's Book Boutique.
  2993 | D:3      | Identified the +3 buckler of Doitoz {Harm rElec}
  3232 | D:3      | Found a faded altar of an unknown god.
  3911 | D:4      | Gained mutation: You have an extremely huge brain. (Int +4)
                  | [demonic ancestry]
  3911 | D:4      | Reached XP level 5. HP: 36/36 MP: 6/9
  3982 | D:4      | Reached skill level 1 in Shields
  4225 | D:4      | Identified the +1 chain mail "Kuble" {-Cast rElec Will++
                  | SInv}
  4413 | D:4      | Found a radiant altar of Vehumet.
  4464 | D:4      | Reached skill level 1 in Fighting
  4709 | D:4      | Found a sparkling altar of Nemelex Xobeh.
  4730 | D:4      | Found a basalt altar of Yredelemnul.
  4897 | D:4      | Found a shimmering altar of Xom.
  5031 | D:5      | Entered Level 5 of the Dungeon
  5032 | D:5      | Noticed a phantom
  5315 | D:5      | Gained mutation: You have a small tail. [demonic ancestry]
  5315 | D:5      | Reached XP level 6. HP: 34/43 MP: 3/10
  5393 | D:5      | Noticed an orc warrior
  5472 | D:5      | Killed an orc warrior
  5730 | D:5      | Found a staircase to the Ecumenical Temple.
  5737 | Temple   | Entered the Ecumenical Temple
  5924 | Temple   | Became a worshipper of Hepliaklqana the Forgotten
  6190 | D:5      | Reached XP level 7. HP: 49/49 MP: 6/11
  6293 | D:5      | Reached skill level 1 in Invocations
  6489 | D:5      | Reached skill level 2 in Invocations
  6812 | D:5      | Reached skill level 3 in Invocations
  6887 | D:5      | Gained mutation: You are partially covered in sharp spines.
                  | [demonic ancestry]
  6887 | D:5      | Reached XP level 8. HP: 57/57 MP: 6/13
  7142 | D:5      | Reached skill level 4 in Invocations
  7400 | D:5      | Found an iron altar of Okawaru.
  7667 | D:5      | Identified the +2 robe of Hepliaklqana's Anger {Fly rF++
                  | Dex-4 Stlth+}
  8133 | D:6      | Noticed Eustachio
  8136 | D:6      | Reached skill level 5 in Invocations
  8144 | D:6      | Killed Eustachio
  8315 | D:6      | Noticed Maggie
  8323 | D:6      | Killed Maggie
  8324 | D:6      | Gained mutation: You are mostly covered in sharp spines.
                  | [demonic ancestry]
  8324 | D:6      | Reached XP level 9. HP: 38/64 MP: 3/15
  8593 | D:6      | Reached skill level 6 in Invocations
  8620 | D:6      | Reached * piety under Hepliaklqana
  9598 | D:7      | Noticed Prince Ribbit
  9606 | D:7      | Killed Prince Ribbit
  9665 | D:7      | Found Tolax's Jewellery Boutique.
  9672 | D:7      | Found Eko Icis's Assorted Antiques.
  9678 | D:7      | Bought a viscous puce potion for 19 gold pieces
  9927 | D:7      | Found Ishoimuz's Armour Shop.
  9947 | D:7      | Found Gostrus's General Store.
  9982 | D:7      | Bought a scroll of identify for 24 gold pieces
 10009 | D:7      | Found a burning altar of Makhleb.
 10158 | D:7      | Reached ** piety under Hepliaklqana
 10159 | D:7      | Remembered your ancestor Wystan as a battlemage
 10404 | D:8      | Reached skill level 5 in Fire Magic
 10409 | D:8      | Reached skill level 7 in Invocations
 10415 | D:8      | Reached skill level 5 in Stealth
 10715 | D:8      | Noticed a komodo dragon
 10716 | D:8      | Reached skill level 5 in Conjurations
 10716 | D:8      | Reached XP level 10. HP: 61/65 MP: 6/17
 10726 | D:8      | Reached skill level 5 in Spellcasting
 10900 | D:8      | Found a staircase to the Lair.
 10955 | D:8      | Found a sacrificial altar of Ru.
 10963 | D:8      | Reached skill level 8 in Invocations
 11085 | D:8      | Reached skill level 5 in Dodging
 11347 | D:8      | Found Xurebroc's Magic Scroll Emporium.
 11356 | D:8      | Bought a scroll of blinking for 90 gold pieces
 11356 | D:8      | Bought a scroll of enchant weapon for 90 gold pieces
 11840 | D:9      | Found a snail-covered altar of Cheibriados.
 12297 | D:9      | Reached skill level 5 in Shields
 12501 | D:9      | Found a blossoming altar of Fedhas.
 12502 | D:9      | Found an ancient bone altar of Kikubaaqudgha.
 12536 | D:9      | Reached *** piety under Hepliaklqana
 13091 | D:10     | Entered Level 10 of the Dungeon
 13107 | D:10     | Reached skill level 5 in Fighting
 13134 | D:10     | Reached skill level 9 in Invocations
 13524 | D:10     | Noticed Grum
 13532 | D:10     | Killed Grum
 13681 | D:10     | Noticed a two-headed ogre
 13687 | D:10     | Killed a two-headed ogre
 13688 | D:10     | Gained mutation: You have a tail ending in a sharp stinger.
                  | [demonic ancestry]
 13688 | D:10     | Reached XP level 11. HP: 72/72 MP: 10/19
 13815 | D:10     | Found Qanoi's Assorted Antiques.
 13821 | D:10     | Bought a short lead wand for 84 gold pieces
 13821 | D:10     | Bought a scroll of enchant weapon for 157 gold pieces
 14277 | D:11     | Noticed a boulder beetle
 14292 | D:11     | Noticed a boulder beetle
 14307 | D:10     | Killed a boulder beetle
 14448 | D:11     | Noticed a two-headed ogre
 14451 | D:11     | Killed a two-headed ogre
 14452 | D:11     | Reached skill level 10 in Invocations
 14810 | D:11     | Found a staircase to the Orcish Mines.
 15167 | D:12     | Reached **** piety under Hepliaklqana
 15168 | D:12     | Noticed a purple ugly thing
 15174 | D:12     | Killed a purple ugly thing
 15279 | D:12     | Reached skill level 11 in Invocations
 15833 | D:13     | Gained mutation: Your demonic aura sometimes causes spilled
                  | blood to erupt in flames. [demonic ancestry]
 15833 | D:13     | Reached XP level 12. HP: 80/80 MP: 16/21
 15878 | D:13     | Noticed a centaur warrior
 15884 | D:13     | Killed a centaur warrior
 16028 | D:13     | Found a blossoming altar of Fedhas.
 16174 | D:13     | Noticed a catoblepas
 16182 | D:13     | Killed a catoblepas
 16438 | D:13     | Noticed a four-headed hydra
 16443 | D:13     | Killed a four-headed hydra
 16554 | D:13     | Noticed a two-headed ogre
 16558 | D:13     | Noticed a tengu warrior
 16560 | D:13     | Killed a two-headed ogre
 16562 | D:13     | Noticed a tengu warrior
 16565 | D:13     | Killed a tengu warrior
 16782 | Lair:1   | Entered Level 1 of the Lair of Beasts
 16798 | Lair:1   | Noticed Nergalle
 16806 | Lair:1   | Reached skill level 12 in Invocations
 16815 | Lair:1   | Killed Nergalle
 16927 | Lair:1   | Noticed a five-headed hydra
 16936 | Lair:1   | Killed a five-headed hydra
 17200 | Lair:1   | Reached ***** piety under Hepliaklqana
 17951 | Lair:1   | Learned a level 3 spell: Mephitic Cloud
 18101 | Lair:2   | Noticed a boulder beetle
 18112 | Lair:2   | Killed a boulder beetle
 18113 | Lair:2   | Reached skill level 13 in Invocations
 18113 | Lair:2   | Gained mutation: You are completely covered in sharp
                  | spines. [demonic ancestry]
 18113 | Lair:2   | Reached XP level 13. HP: 86/86 MP: 12/23
 18183 | Lair:2   | Found a staircase to the Snake Pit.
 19225 | Lair:2   | Identified the +7 war axe "Concordance" {spect, rElec rF++}
 19527 | Lair:3   | You fall into a shaft and drop 2 floors!
 19527 | Lair:5   | Entered Level 5 of the Lair of Beasts
 19719 | Lair:3   | Reached skill level 14 in Invocations
 20319 | Lair:3   | Found a staircase to the Shoals.
 20984 | Lair:4   | Found a staircase to the Slime Pits.
 20985 | Lair:4   | Found a viscous altar of Jiyva.
 21842 | Lair:4   | Reached XP level 14. HP: 95/95 MP: 19/26
 22609 | Lair:5   | Reached ****** piety under Hepliaklqana
 22628 | Lair:5   | Reached skill level 15 in Invocations
 23669 | Lair:5   | Found a large runed translucent door.
 23669 | Lair:5   | Found a large runed translucent door.
 24327 | Lair:5   | Learned a level 5 spell: Freezing Cloud
 24645 | Orc:1    | Entered Level 1 of the Orcish Mines
 24784 | Orc:1    | Reached skill level 1 in Ice Magic
 24784 | Orc:1    | Reached skill level 1 in Air Magic
 25620 | Orc:2    | Entered Level 2 of the Orcish Mines
 25897 | Orc:2    | Slain by an ice devil

Illustrated notes

Levels and vault maps discovered:
D:1:      matt_arrival_debris, layout_basic, kennysheep_minor_cross
D:2:      layout_loops_corners
D:3:      layout_basic, ebering_ecumenical_altar_mist, serial_shops,
          nicolae_shop_waterfront, nrook_mini_vaults, uniq_ijyb
D:4:      layout_loops_ring, kennysheep_mini, zin_treasury,
          nicolae_overflow_quartered_altars, minivault_23,
          chequers_serial_rivers_micro_e
D:5:      wad_river_or_something, layout_basic, nicolae_tso_besieged_by_evil,
          mainiacjoe_overflow_small_starburst, minmay_temple_entry_mini_moons
D:6:      layout_basic, uniq_eustachio, uniq_maggie
D:7:      layout_gridville, makhleb_grotto_becter, serial_shops,
          nicolae_shop_overgrown_old_shop, nicolae_shop_crystal,
          nicolae_shop_temple_entry_statues_fountains, nicolae_shop_stone,
          serial_park_tiny_2, uniq_prince_ribbit1
D:8:      layout_rooms, kennysheep_mini_moat, erik_lair_dragon, serial_shops,
          nicolae_shop_advertising_works [nicolae_subvault_shop_adworks],
          water_maze_lemuel
D:9:      layout_layer_cave, grunt_temple_overflow_growth_and_decay,
          kennysheep_slug_shrine
D:10:     layout_cave_pools, serial_gnoll_camp, gnoll_camp_mini_basic,
          gnoll_camp_mini_loothouse, gnoll_camp_mini_hut, gnoll_camp_mini_hut,
          serial_shops, kennysheep_little_box, grunt_ministairs_4, uniq_grum
D:11:     layout_cross, david_orc_2
D:12:     layout_rooms
D:13:     layout_irregular_city, st_stairs_3, fedhas_altar_3
Temple:   grunt_temple_mini_profane
Lair:1:   layout_cave_pods, pond, grunt_megastairs_2, uniq_nergalle
Lair:2:   layout_hall_layers, guppyfry_snake_entry_garden, beast_lair_carwin_7
Lair:3:   layout_loops_ring, minmay_shoals_entry_lonely_mermaid, minivault_27,
          nicolae_quartered_pool_medium, grunt_forest_small_clearings
Lair:4:   layout_regular_city, slime_entry_1
Lair:5:   cheibrodos_lair_end_hotspot, layout_regular_city
Orc:1:    layout_caves, nicolae_orc_stony_grotto, guppyfry_library_mini
Orc:2:    grunt_orc_cross, layout_caves, serial_shops, shop,
          nicolae_diamond_shop, lightli_church_of_beogh

Skill      XL: |  1  2  3  4  5  6  7  8  9 10 11 12 13 14 |
---------------+-------------------------------------------+-----
Stealth        | 2 3 4 5 6 7 8 9 |  9.3
Dodging        | 2 3 4 5 6 7 8 |  8.6
Fire Magic     | 3 4 5 6 7 8 |  8.9
Conjurations   | 2 3 4 5 6 7 8 9 |  9.1
Shields        | 1 2 3 4 5 7 8 |  8.4
Fighting       | 1 2 3 4 5 6 7 8 9 |  9.0
Spellcasting   | 3 4 5 6 7 8 |  8.7
Invocations    | 3 5 7 9 11 13 14 15 | 15.4
Ice Magic      | 1 |  1.7
Air Magic      | 1 |  1.8

Action                   |  1- 3 |  4- 6 |  7- 9 | 10-12 | 13-15 || total
-------------------------+-------+-------+-------+-------+-------++-------
Melee: Short sword       |    33 |    63 |    11 |       |       ||   107
       Punch             |     1 |       |       |       |       ||     1
       Tailslap          |       |       |     8 |    14 |    13 ||    35
       Scimitar          |       |       |    23 |    40 |    70 ||   133
 Cast: Foxfire           |    30 |    35 |   104 |   210 |   260 ||   639
       Scorch            |    22 |    43 |    80 |   144 |   176 ||   465
       Flame Wave        |       |       |       |     5 |     3 ||     8
Invok: Ancestor Life: Ba |       |       |     1 |       |       ||     1
  Use: Scroll            |       |    14 |    10 |    13 |     4 ||    41
       Potion            |       |     2 |     1 |     4 |     1 ||     8
 Stab: Distracted        |       |       |       |     1 |       ||     1
Armor: Robe              |    17 |    28 |     7 |       |       ||    52
       Steam dragon scal |       |       |     1 |       |       ||     1
       Troll leather arm |       |       |       |    16 |    25 ||    41
Dodge: Dodged            |    52 |    86 |    38 |    75 |    91 ||   342
Block: Buckler           |       |     1 |    36 |    71 |    51 ||   159
       Reflection        |       |       |     3 |     6 |       ||     9
